 Dungeon Crawl Stone Soup version 0.29.1-1-gd02db6906a (webtiles) character file.

Game seed: 14737782734927052338

269 croobank the Caller (level 6, 0/39 HPs)
             Began as an Octopode Summoner on Sept 29, 2022.
             Slain by a hobgoblin (7 damage)
             ... led by Robin
             ... on level 4 of the Dungeon.
             The game lasted 00:30:04 (3365 turns).

croobank the Caller (Octopode Summoner)             Turns: 3365, Time: 00:30:05

Health: 0/39       AC:  1    Str:  7    XL:     6   Next: 22%
Magic:  2/10       EV: 13    Int: 20    God:
Gold:   88         SH:  0    Dex: 12    Spells: 2/11 levels left

rFire   . . .      SeeInvis .   q - +1 short sword (speed)
rCold   . . .      Faith    .   (no shield)
rNeg    . . .      Spirit   .   (helmet restricted)
rPois   .          Reflect  .   (no amulet)
rElec   .          Harm     .   (no ring)
rCorr   .          Rampage  .   (no ring)
Will    .....                   (no ring)
Stlth   ++++......              (no ring)
HPRegen 0.13/turn               (no ring)
MPRegen 0.12/turn               (no ring)
                                (no ring)
                                (no ring)

@: hasted, very quick
A: almost no armour, amphibious, 8 rings, camouflage 1, gelatinous body 1,
(nimble swimmer 1), tentacles
a: no special abilities


You were on level 4 of the Dungeon.
You visited 1 branch of the dungeon, and saw 4 of its levels.

You collected 88 gold pieces.

Inventory:

Hand Weapons
 b - a +0 dire flail
 d - a +0 war axe
 m - a +0 hand axe
 p - a +1 falchion of freezing
 q - a +1 short sword of speed (weapon)
Armour
 g - an orb of light
Scrolls
 h - a scroll of silence
 j - 2 scrolls of magic mapping {unknown}
 k - a scroll of teleportation {unknown}
 o - a scroll of torment {unknown}
Potions
 a - 2 potions of magic
 c - a potion of degeneration
 e - 2 potions of ambrosia
 f - a potion of haste
 l - a potion of mutation {unknown}
 n - a potion of lignification {unknown}


   Skills:
 + Level 1.7 Fighting
 + Level 3.2 Dodging
 + Level 4.5 Stealth
 + Level 3.1 Spellcasting
 + Level 1.7 Hexes
 + Level 4.7 Summonings


You had 2 spell levels left.
You knew the following spells:

 Your Spells              Type           Power      Damage    Failure   Level
a - Summon Small Mammal   Summ           88%        N/A       1%          1
b - Call Imp              Summ           22%        N/A       3%          2
c - Call Canine Familiar  Summ           22%        N/A       6%          3
d - Summon Guardian Gole  Hex/Summ       16%        N/A       11%         3

Your spell library contained the following spells:

 Spells                   Type           Power      Damage    Failure   Level
 Sting                    Tmut/Pois      12%        1d3       14%         1
 Poisonous Vapours        Pois/Air       6%         N/A       22%         2
 Summon Lightning Spire   Summ/Air       12%        N/A       47%         4
 Olgreb's Toxic Radiance  Pois           3%         N/A       80%         4


Dungeon Overview and Level Annotations

Branches:
Dungeon (4/15)
 Temple: D:4-7

Altars:
Uskayaw

Annotations:
D:4 Robin


Innate Abilities, Weirdness & Mutations

You cannot wear most types of armour.
You are amphibious.
You can wear up to eight rings at the same time.
Your skin changes colour to match your surroundings (Stealth+).
Your rubbery body absorbs attacks. (AC +1, EV +1)
((You are camouflaged when in or above water. (Stealth+)))
You have tentacles for arms and can constrict up to eight enemies at once.


Message History

Your white imp hits Menkaure.
Your white imp freezes Menkaure.
Menkaure resists.
The hobgoblin barely misses your hound.
Your hound bites Menkaure.
Your quokka bites Menkaure.
Menkaure hits your white imp!!
Your white imp dies!
Your white imp disappears in a puff of smoke!
You hear a shout!
You feel yourself speed up.
Menkaure shouts!
Your bat hits Menkaure.
Your hound bites Menkaure.
Menkaure is destroyed!
Robin of the Strong Arm comes into view.
They are wielding a +4 dagger of pain.
A goblin comes into view. It is wielding a +0 club.
The hound bites you.
Your Dodging skill increases to level 3!
Your Spellcasting skill increases to level 3!
You have reached level 6!
Your bat barely misses the goblin.
Robin throws the goblin at you! The goblin hits you with a +0 club.
* * * LOW HITPOINT WARNING * * *
Okay, then.
Casting: Summon Small Mammal (safe; 1% risk of failure)
Confirm with . or Enter, or press ? or * to list all spells.
A guardian golem appears, shielding your allies.
Your bat hits the goblin. The hound misses you.
Your hound barely misses the goblin.
A goblin comes into view. It is wielding a +0 dagger.
The goblin hits you with a +0 club.
* * * LOW HITPOINT WARNING * * *
The hobgoblin barely misses your hound.
A goblin comes into view. It is wielding a +0 club.
A hobgoblin comes into view.
Your hound bites the goblin.
The goblin dies!
Your quokka barely misses the hobgoblin.
Your bat barely misses the goblin.
The goblin hits your guardian golem but does no damage.
Your bat hits the hobgoblin but does no damage.
The hobgoblin hits you!
You die...

##.........
>........#
........#
....... .. .....
... ... .... #.#
....###<#
#.....#@####
#......hg..## .
......gg9hg.##..
.........)g.g.g.
..#####...brgg.#
. ##.......#
#.J...#.#
#....?...
#.....#..


You could see a hound (ally target), Robin, an endoplasm, 3 hobgoblins, 5
goblins, a friendly guardian golem (summoned), a friendly hound (summoned,
sheltered), a friendly quokka (summoned, sheltered) and a friendly bat
(summoned, sheltered).

Vanquished Creatures
  An adder (D:3)
  A giant cockroach (D:3)
  A goblin (D:2)
  A quokka (D:4)
  A ball python (D:1)
  3 bats
  2 rats
10 creatures vanquished.

Vanquished Creatures (collateral kills)
  Menkaure (D:4)
  An orc wizard (D:3)
  4 adders
  2 worms
  2 dart slugs
  11 orcs (D:3)
  2 endoplasms
  2 giant cockroaches
  5 goblins
  3 hobgoblins
  2 jackals (D:3)
  4 kobolds
  A quokka (D:2)
  3 ball pythons
  3 bats
  4 frilled lizards
  5 rats
55 creatures vanquished.

Grand Total: 65 creatures vanquished

Notes
Turn   | Place    | Note
-------+----------+-------------------------------------------
     0 | D:1      | croobank the Octopode Summoner began the quest for the Orb.
     0 | D:1      | Reached XP level 1. HP: 11/11 MP: 3/3
    10 | D:1      | Noticed a bullfrog
   321 | D:1      | Reached XP level 2. HP: 17/17 MP: 1/5
   478 | D:1      | Learned a level 2 spell: Call Imp
  1018 | D:2      | Found a faded altar of an unknown god.
  1133 | D:2      | Reached XP level 3. HP: 21/21 MP: 1/6
  2066 | D:3      | Reached XP level 4. HP: 27/27 MP: 2/7
  2119 | D:3      | Learned a level 3 spell: Call Canine Familiar
  2385 | D:3      | Reached skill level 1 in Hexes
  2396 | D:3      | Reached skill level 1 in Fighting
  2432 | D:3      | Reached XP level 5. HP: 30/33 MP: 6/9
  2589 | D:3      | Learned a level 3 spell: Summon Guardian Golem
  3029 | D:3      | Found a hide-covered altar of Uskayaw.
  3349 | D:4      | Noticed Menkaure
  3360 | D:4      | Killed Menkaure
  3360 | D:4      | Noticed Robin
  3361 | D:4      | Reached XP level 6. HP: 14/39 MP: 4/10
  3365 | D:4      | Slain by a hobgoblin

Illustrated notes

Levels and vault maps discovered:
D:1:      evilmike_arrival_come_back, layout_basic
D:2:      layout_basic, shapermc_ecumenical_altar_notcrosses
D:3:      layout_basic, nicolae_uskayaw_suspiria, uniq_sigmund
D:4:      layout_rooms, minmay_temple_entry_butterflies,
          minmay_goblin_kobold_house, uniq_natasha, uniq_robin, uniq_duvessa,
          uniq_menkaure

Skill      XL: |  1  2  3  4  5 |
---------------+----------------+-----
Stealth        | 3 4 |  4.5
Hexes          | 1 |  1.7
Fighting       | 1 |  1.7
Dodging        | 3 |  3.2
Spellcasting   | 3 |  3.1
Summonings     | |  4.7

Action                   |  1- 3 |  4- 6 || total
-------------------------+-------+-------++-------
Melee: Short sword       |    14 |     5 ||    19
       Constrict         |     3 |     4 ||     7
       Tentacles         |     2 |     3 ||     5
       Hand axe          |       |     4 ||     4
 Cast: Summon Small Mamm |    49 |    28 ||    77
       Call Imp          |    13 |     7 ||    20
       Call Canine Famil |       |     7 ||     7
       Summon Guardian G |       |     1 ||     1
  Use: Scroll            |       |     5 ||     5
       Potion            |       |     1 ||     1
Armor: Skin              |     3 |       ||     3
Dodge: Dodged            |     8 |     6 ||    14
